 Dungeon Crawl Stone Soup version 0.17.2-1-ge4368a0 (webtiles) character file.

857 Goblin1989 the Martial Artist (level 7, -3/48 HPs)
             Began as a Demonspawn Monk on Nov 12, 2016.
             Was an Initiate of Gozag.
             Slain by a mummy (6 damage)
             ... in an ossuary.
             The game lasted 00:13:04 (3867 turns).

Goblin1989 the Martial Artist (Demonspawn Monk)     Turns: 3867, Time: 00:13:04

Health: -3/48      AC:  6    Str: 16    XL:     7   Next: 70%
Magic:  7/7        EV: 11    Int: 11    God:    Gozag
Gold:   480        SH:  0    Dex: 15    Spells: 0 memorised, 6 levels left

rFire  . . .     SeeInvis .       - Unarmed
rCold  . . .     Clarity  +     e - +0 ring mail
rNeg   . . .     SustAt   .     (no shield)
rPois  .         Gourm    .     (helmet restricted)
rElec  .         Spirit   .     (no cloak)
rCorr  .         Warding  .     (no gloves)
rMut   .         Stasis   .     (no boots)
MR     .....                    (no amulet)
Stlth  +.........               (no ring)
                                (no ring)

@: not resistant to hostile enchantments, very unstealthy
A: antennae 1, claws 1, rugged brown scales 1, clarity, demonic guardian 1,
frail 1, strong 1
a: Potion Petition, Call Merchant, Bribe Branch, Renounce Religion


You were in an ossuary.
You worshipped Gozag.
Gozag was noncommittal.
You were very hungry.

You visited 1 branch of the dungeon, and saw 5 of its levels.
You also visited: Ossuary.

You collected 480 gold pieces.

Inventory:

Missiles
 c - 3 needles of sleeping
 k - 2 javelins (quivered)
 Z - a throwing net {=f, !d}
Armour
 e - a +0 ring mail (worn)
 t - a +1 helmet
Scrolls
 f - 2 scrolls of enchant armour
 R - a scroll of identify {@r1}
 T - 2 scrolls of teleportation {!r, @r4}
Potions
 a - a potion of cancellation {unknown}
 d - 2 potions of heal wounds {!q, @q2}
 g - 3 potions of flight
 j - a potion of ambrosia {!q}
 n - 2 potions of curing {unknown}
Comestibles
 b - a bread ration {@e1}


   Skills:
 - Level 3.0 Fighting
 - Level 2.6 Dodging
 - Level 1.7 Stealth
 + Level 8.9 Unarmed Combat


You had 6 spell levels left.
You didn't know any spells.

Dungeon Overview and Level Annotations

Branches:
Dungeon (5/15)             Temple (0/1) D:4

Altars:
Ashenzari
Gozag
Trog
Xom
Yredelemnul

Annotations:
D:4 Goblin1989's ghost, amateur DsAr
D:5 Menkaure


Innate Abilities, Weirdness & Mutations

You have sharp fingernails.
You are partially covered in rugged brown scales (AC +1, +3% HP).
A weak demonic guardian rushes to your aid.
You have a pair of small antennae on your head.
You possess an exceptional clarity of mind.
You are frail (-10% HP).
Your muscles are strong. (Str +2)


Message History

* * * LOW HITPOINT WARNING * * *
You see here 4 gold pieces.
You take 14 damage, and have 2/48 hp.
MASSIVE DAMAGE!!
A mummy comes into view.
You swap places.
The mummy hits your crimson imp! The mummy barely misses your white imp.
Your white imp hits the mummy.
Your white imp freezes the mummy.
The mummy resists.
Your crimson imp hits the mummy but does no damage.
You swap places.
Your white imp closely misses the mummy.
A crimson imp opens the door.
The mummy hits your white imp!
Your white imp dies!
A worker ant zombie comes into view.
The mummy barely misses you. x2
You see here 4 gold pieces.
You scratch the mummy.
The mummy is lightly damaged.
The mummy hits you.
You die...
Your body crumbles into a pile of gold.

█ █. {
█∆█▲█∆█▲███
....M{..Z.█
█.█████5███
█...█@M.█
█.∩.MM███
█∩..█M∆.█
█████.███
∆.▲ █.█ █.∆
▲.█ █.▲


You could see 4 mummies, a worker ant zombie and a friendly crimson imp.

Vanquished Creatures
  Pikel (D:5)
  The ghost of Goblin1989 the Ruffian, an amateur TrHu (Ossuary)
  A giant frog skeleton (D:3)
  2 orc wizards (D:4)
  A worker ant (D:5)
  4 adders
  7 gnolls (D:3)
  An ooze (D:2)
  2 worms (D:2)
  2 giant geckos
  4 orcs
  9 bats
  3 giant cockroaches
  12 goblins
  8 hobgoblins
  12 jackals
  8 kobolds
  A quokka (D:3)
  4 giant newts
  10 rats
93 creatures vanquished.

Vanquished Creatures (collateral kills)
  A mummy (Ossuary)
  A giant gecko (D:3)
2 creatures vanquished.

Grand Total: 95 creatures vanquished

Notes
Turn   | Place    | Note
--------------------------------------------------------------
     0 | D:1      | Goblin1989 the Demonspawn Monk began the quest for the Orb.
     0 | D:1      | Reached XP level 1. HP: 18/18 MP: 1/1
   165 | D:1      | Reached skill level 4 in Unarmed Combat
   242 | D:1      | Gained mutation: A weak demonic guardian rushes to your aid. [demonic ancestry]
   242 | D:1      | Reached XP level 2. HP: 18/24 MP: 2/2
   941 | D:1      | Gained mutation: You have sharp fingernails. [demonic ancestry]
   941 | D:1      | Reached XP level 3. HP: 3/29 MP: 3/3
  1625 | D:2      | Reached skill level 5 in Unarmed Combat
  1699 | D:2      | Reached XP level 4. HP: 27/35 MP: 4/4
  1783 | D:2      | Found an opulent altar of Gozag.
  1793 | D:2      | Became a worshipper of Gozag Ym Sagoz the Greedy
  2105 | D:2      | Found a shattered altar of Ashenzari.
  2318 | D:3      | Gained mutation: You are partially covered in rugged brown scales (AC +1, +3% HP). [demonic ancestry]
  2318 | D:3      | Reached XP level 5. HP: 35/42 MP: 5/5
  2862 | D:3      | Reached skill level 6 in Unarmed Combat
  2907 | D:3      | Found a bloodstained altar of Trog.
  3359 | D:4      | Found a shimmering altar of Xom.
  3391 | D:4      | Found a basalt altar of Yredelemnul.
  3664 | D:4      | Found a staircase to the Ecumenical Temple.
  3672 | D:4      | Noticed Goblin1989's ghost (amateur DsAr)
  3691 | D:3      | Reached XP level 6. HP: 29/48 MP: 6/6
  3714 | D:5      | Entered Level 5 of the Dungeon
  3740 | D:5      | Noticed Pikel
  3765 | D:5      | Killed Pikel
  3765 | D:5      | Reached skill level 8 in Unarmed Combat
  3765 | D:5      | Reached XP level 7. HP: 23/53 MP: 7/7
  3766 | D:5      | Gained mutation: You possess an exceptional clarity of mind. [potion of mutation]
  3766 | D:5      | Gained mutation: Your spells are a little harder to cast, but a little more powerful. [potion of mutation]
  3766 | D:5      | Lost mutation: Your spells are a little harder to cast, but a little more powerful. [potion of mutation]
  3768 | D:5      | Gained mutation: Your muscles are strong. (Str +2) [potion of mutation]
  3768 | D:5      | Gained mutation: You have a pair of small antennae on your head. [potion of mutation]
  3768 | D:5      | Gained mutation: You are frail (-10% HP). [potion of mutation]
  3837 | D:5      | Found a sand-covered staircase.
  3843 | D:5      | Noticed Menkaure
  3843 | Ossuary  | Entered an ossuary
  3854 | Ossuary  | Noticed Goblin1989's ghost (amateur TrHu)
  3858 | Ossuary  | Killed Goblin1989's ghost
  3862 | Ossuary  | HP: 2/48 [mummy (14)]
  3867 | Ossuary  | Slain by a mummy

Action                   |  1- 3 |  4- 6 |  7- 9 || total
-------------------------+-------+-------+-------++-------
Melee: Unarmed           |   173 |   184 |     7 ||   364
Invok: Potion Petition   |       |     1 |       ||     1
  Use: Scroll            |       |     7 |       ||     7
       Potion            |       |     4 |     3 ||     7
 Stab: Sleeping          |     1 |       |       ||     1
  Eat: Chunk             |     2 |     1 |       ||     3
       Bread ration      |       |     1 |       ||     1
       Fruit             |       |     1 |       ||     1

Vault maps used:
D:1:      lemuel_arrival_hallway
D:2:      lemuel_coloured_pillars_altar, marbit_many_paths, first_bread
D:3:      nicolae_overflow_crystal_walls, moated_statue
D:4:      yredelemnul_altar_generic, nicolae_overflow_hidden_temple,
          minmay_temple_entry_mist
D:5:      nicolae_ossuary_entry_plus, uniq_menkaure, uniq_pikel
Ossuary:  ossuary_zaba_flooded
